 Dungeon Crawl Stone Soup version 0.22.0-38-g04b72b8 (webtiles) character file.

4186 leisz the Slinger (level 10, -7/69 HPs)
             Began as a Halfling Hunter on Aug 27, 2018.
             Was a Priest of Nemelex Xobeh.
             Mangled by a yak (8 damage)
             ... on level 8 of the Dungeon.
             The game lasted 00:33:25 (10191 turns).

leisz the Slinger (Halfling Hunter)                Turns: 10191, Time: 00:33:26

Health: -7/69      AC: 10    Str: 16      XL:     10   Next: 53%
Magic:  0/14       EV: 13    Int:  6 (9)  God:    Nemelex Xobeh [***...]
Gold:   490        SH:  0    Dex: 16 (19) Spells: 9/9 levels left

rFire    + . .     SeeInvis +   a - +1 rapier (freeze)
rCold    . . .     Gourm    .   (shield restricted)
rNeg     . . .     Faith    .   J - +0 scale mail
rPois    .         Spirit   +   w - +1 hat {SInv}
rElec    .         Reflect  .   n - scarf {cloud immunity}
rCorr    .         Harm     .   y - +0 pair of gloves
MR       .....                  (no boots)
Stlth    ..........             u - amulet of guardian spirit
HPRegen  0.21/turn              k - +3 ring of strength
MPRegen  0.14/turn              Q - ring of protection from fire (curse)

@: about to teleport
A: small, mutation resistance 1
a: Triple Draw, Renounce Religion


You were on level 8 of the Dungeon.
You worshipped Nemelex Xobeh.
Nemelex Xobeh was most pleased with you.
You were hungry.

You visited 1 branch of the dungeon, and saw 8 of its levels.

You collected 567 gold pieces.
You spent 77 gold pieces at shops.

Inventory:

Hand Weapons
 a - a +1 rapier of freezing (weapon)
 b - a +1 hunting sling
 D - a +0 short sword
 P - a +1 dagger of electrocution
 S - a +3 dagger of venom
Missiles
 i - 116 stones (quivered)
 A - 23 tomahawks
 B - 183 arrows
 T - 8 sling bullets
Armour
 n - a scarf of cloud immunity (worn)
 w - a +1 hat of see invisible (worn)
 y - a +0 pair of gloves (worn)
 I - a +0 plate armour
 J - a +0 scale mail (worn)
Jewellery
 f - an uncursed ring of ice
 k - a +3 ring of strength (left hand)
 u - an amulet of guardian spirit (around neck)
 Q - a cursed ring of protection from fire (right hand)
Wands
 d - a wand of flame (39)
 K - a wand of disintegration (5)
Scrolls
 c - a scroll of amnesia
 h - 8 scrolls of remove curse
 m - 5 scrolls of teleportation
 r - 2 scrolls of blinking {unknown}
 s - a scroll of fear
 v - 7 scrolls of enchant armour {unknown}
 x - 2 scrolls of magic mapping {unknown}
 z - 10 scrolls of identify
 C - a scroll of random uselessness {unknown}
 F - 2 scrolls of fog {unknown}
 H - a scroll of vulnerability {unknown}
 L - 2 scrolls of brand weapon {unknown}
 O - a scroll of silence {unknown}
Potions
 e - a potion of haste {unknown}
 g - 2 potions of mutation
 j - 3 potions of flight
 l - a potion of degeneration
 o - 2 potions of brilliance
 p - 2 potions of lignification
 G - 2 potions of agility {unknown}
 M - a potion of cancellation
Miscellaneous
 t - an ornate deck of escape {drawn: 4}
 E - a plain deck of summoning {drawn: 3}
 N - a plain deck of destruction {drawn: 2}
 R - a legendary deck of destruction
Comestibles
 q - 3 chunks of flesh


   Skills:
 + Level 6.8 Fighting
 + Level 6.3 Short Blades
 + Level 11.6 Slings
 + Level 7.8 Armour
 - Level 2.1 Dodging
 - Level 1.1 Stealth
 + Level 5.5 Invocations


You had 9 spell levels left.
You didn't know any spells.
Your spell library was empty.

Dungeon Overview and Level Annotations

Branches:
Dungeon (8/15)             Temple (0/1) D:7
   Lair: D:8-11

Altars:
Elyvilon
Fedhas
Gozag
Hepliaklqana
Kikubaaqudgha
Nemelex Xobeh
Ru
The Shining One

Shops:
D:7 [


Innate Abilities, Weirdness & Mutations

You are small and have problems with some larger weapons.
You are somewhat resistant to further mutation.


Message History

The yak is lightly wounded.
You hit the yak. You freeze the yak.
The yak is moderately wounded.
The yak gores you but does no damage. The yak gores you!
You hit the yak. You freeze the yak.
The yak is heavily wounded.
The yak gores you. The yak gores you!
* * * LOW HITPOINT WARNING * * *
As you read the scroll of teleportation, it crumbles to dust.
You feel strangely unstable. The yak completely misses you. The yak gores you.
* * * LOW HITPOINT WARNING * * *
Okay, then.
Evoke which item? (* to show all) (? for menu, Esc to quit)
You draw a card...
It is Velocity.
The yak seems to speed up. x2
The yak gores you!
* * * LOW HITPOINT WARNING * * *
The yak gores you but does no damage. The yak completely misses you.
The yak gores you!
You die...
Your body glows slightly and disappears.

.......#
.......#.....#
.......#.....#
.......#.....#
...#####.....#
...#)..#.....#
...).<.#.....#
...#...#.....#####
...#...'.......Y@#
...#..##.(..####Y##
.†.#..####### #).#
...#'###....# ##(#
..##....)...#PP≈.≈(≈.#
............#P≈...(..#
.#..........#≈≈P..P.%#
..#.........#P≈≈..%%.#
..#..)#######.≈P..(.(#


You could see 2 yaks.

Vanquished Creatures
  A deep elf mage (D:7)
  Prince Ribbit (D:7)
  A dream sheep (D:8)
  Eustachio (D:4)
  Duvessa (D:4)
  A water moccasin (D:8)
  2 black bears
  3 phantoms (D:4)
  2 ogres
  3 big kobolds
  2 bullfrogs
  A gnoll sergeant (D:7)
  Dowan (D:4)
  A scorpion (D:8)
  8 killer bees (D:8)
  A howler monkey (D:8)
  7 wights
  2 crimson imps
  2 orc priests
  2 centaur zombies
  2 jellies
  4 orc wizards
  A gnoll shaman (D:5)
  A hound (D:4)
  2 iguanas
  3 worker ants
  A hound zombie (D:6)
  2 hound skeletons (D:4)
  A howler monkey zombie (D:6)
  2 worker ant zombies
  11 gnolls
  10 adders
  A shadow imp (D:6)
  An ooze (D:4)
  3 worms (D:2)
  A dart slug (D:1)
  5 leopard geckos
  33 orcs
  5 giant cockroaches
  9 goblins
  7 hobgoblins
  11 jackals
  3 quokkas
  5 bats
  6 frilled lizards
  A giant cockroach zombie (D:5)
  13 kobolds
  A leopard gecko skeleton (D:6)
  A quokka skeleton (D:7)
  A quokka zombie (D:5)
  4 rats
194 creatures vanquished.

Vanquished Creatures (collateral kills)
  A hungry ghost (D:8)
  2 orc warriors
  A necrophage (D:8)
  An iguana (D:5)
  A worker ant (D:6)
6 creatures vanquished.

Grand Total: 200 creatures vanquished

Notes
Turn   | Place    | Note
-------+----------+-------------------------------------------
     0 | D:1      | leisz the Halfling Hunter began the quest for the Orb.
     0 | D:1      | Reached XP level 1. HP: 14/14 MP: 1/1
   165 | D:1      | Reached skill level 6 in Slings
   178 | D:1      | Reached XP level 2. HP: 17/19 MP: 2/2
   246 | D:1      | Reached skill level 1 in Armour
   544 | D:1      | Reached XP level 3. HP: 24/24 MP: 3/3
   978 | D:2      | Reached XP level 4. HP: 30/30 MP: 4/4
  1083 | D:2      | Found a sparkling altar of Nemelex Xobeh.
  1670 | D:2      | Became a worshipper of Nemelex Xobeh the Trickster
  1929 | D:2      | Received a gift from Nemelex Xobeh
  2519 | D:3      | Reached XP level 5. HP: 36/36 MP: 5/5
  2525 | D:3      | Reached skill level 1 in Short Blades
  2525 | D:3      | Reached skill level 7 in Slings
  3002 | D:3      | Reached XP level 6. HP: 40/42 MP: 6/6
  3224 | D:4      | Noticed a phantom
  3251 | D:4      | Killed a phantom
  3420 | D:4      | Reached * piety under Nemelex Xobeh
  3440 | D:4      | Noticed Dowan
  3445 | D:4      | Noticed a phantom
  3469 | D:4      | Killed a phantom
  3469 | D:4      | Reached XP level 7. HP: 41/47 MP: 5/7
  3481 | D:4      | Killed Dowan
  3481 | D:4      | Reached skill level 8 in Slings
  3523 | D:4      | Noticed Duvessa
  3573 | D:4      | Killed Duvessa
  3862 | D:4      | Reached XP level 8. HP: 15/54 MP: 2/8
  4312 | D:4      | Noticed Eustachio
  4328 | D:4      | Killed Eustachio
  4347 | D:4      | Reached skill level 9 in Slings
  4347 | D:4      | Reached skill level 5 in Armour
  4662 | D:4      | Found a blossoming altar of Fedhas.
  4662 | D:4      | Found an ancient bone altar of Kikubaaqudgha.
  4941 | D:5      | Entered Level 5 of the Dungeon
  5181 | D:5      | Received a gift from Nemelex Xobeh
  5257 | D:5      | Found a sacrificial altar of Ru.
  5535 | D:5      | Found a hazy altar of Hepliaklqana.
  5536 | D:5      | Found a white marble altar of Elyvilon.
  5633 | D:5      | Reached skill level 5 in Fighting
  5633 | D:5      | Reached skill level 1 in Invocations
  6402 | D:6      | Reached XP level 9. HP: 18/61 MP: 2/10
  6765 | D:6      | Reached ** piety under Nemelex Xobeh
  7633 | D:6      | Found an opulent altar of Gozag.
  7691 | D:7      | Reached skill level 10 in Slings
  7702 | D:7      | Found Oxuytaqu's Armour Emporium.
  7705 | D:7      | Bought a scarf of cloud immunity for 77 gold pieces
  7865 | D:7      | Noticed Prince Ribbit
  7880 | D:7      | Killed Prince Ribbit
  8037 | D:7      | Noticed a deep elf mage
  8049 | D:7      | Killed a deep elf mage
  8094 | D:7      | Received a gift from Nemelex Xobeh
  8387 | D:7      | Found a staircase to the Ecumenical Temple.
  8572 | D:7      | Reached skill level 5 in Short Blades
  8824 | D:8      | Reached XP level 10. HP: 29/68 MP: 6/13
  8826 | D:8      | Reached skill level 11 in Slings
  9338 | D:8      | Reached skill level 5 in Invocations
  9364 | D:8      | HP: 2/69 [poisoned by a killer bee]
  9814 | D:8      | Found a glowing golden altar of the Shining One.
  9954 | D:8      | Reached *** piety under Nemelex Xobeh
  9954 | D:8      | Received a gift from Nemelex Xobeh
 10191 | D:8      | HP: 1/69 [yak (10)]
 10191 | D:8      | Mangled by a yak

Skill      XL: |  1  2  3  4  5  6  7  8  9 10 |
---------------+-------------------------------+-----
Slings         | 6 7 8 9 10 11 | 11.6
Fighting       | 2 3 4 5 6 |  6.8
Armour         | 1 2 3 4 5 7 |  7.8
Short Blades   | 1 3 4 5 6 |  6.3
Invocations    | 2 4 5 |  5.5
Dodging        | |  2.1
Stealth        | |  1.1

Action                   |  1- 3 |  4- 6 |  7- 9 | 10-12 || total
-------------------------+-------+-------+-------+-------++-------
Melee: Short sword       |    14 |    87 |    47 |       ||   148
       Dagger            |       |       |    61 |       ||    61
       Rapier            |       |       |       |    29 ||    29
 Fire: Hunting sling     |    55 |   243 |   432 |   182 ||   912
Throw: Stone             |     2 |     1 |    11 |    11 ||    25
Evoke: Deck              |       |       |     4 |     5 ||     9
       Wand              |       |       |     1 |       ||     1
  Use: Scroll            |       |     3 |     5 |     1 ||     9
       Potion            |       |       |     3 |     5 ||     8
  Eat: Ration            |       |     2 |     3 |       ||     5
       Chunk             |       |     1 |     5 |     4 ||    10
Armor: Leather armour    |     5 |       |       |       ||     5
       Ring mail         |     1 |    52 |    43 |       ||    96
       Scale mail        |       |       |    35 |    45 ||    80
Dodge: Dodged            |    15 |    96 |   156 |    70 ||   337
